 Dungeon Crawl Stone Soup version 0.30-a0-930-gb9d0489357 (webtiles) character file.

Game seed: 4917492503975782165

17570 NinjaNoafa the Thaumaturge (level 12, -4/95 (97) HPs)
             Began as a Purple Draconian Conjurer on Mar 23, 2023.
             Was a High Priest of Vehumet.
             Slain by a harpy (17 damage)
             ... on level 3 of the Lair of Beasts.
             The game lasted 00:28:34 (10987 turns).

NinjaNoafa the Thaumaturge (DrCj)                  Turns: 10987, Time: 00:28:34

HP:   -4/95 (97)    AC: 10    Str: 10    XL:     12   Next: 20%
MP:   2/26          EV:  2    Int: 24    God:    Vehumet [*****.]
Gold: 748           SH:  0    Dex:  9    Spells: 9/32 levels left

rFire   . . .      SeeInvis .    a - +1 mace of Dried Tears {flame, Fly rCorr}
rCold   . . .      Faith    .    (no shield)
rNeg    . . .      Spirit   .    (body armour unavailable)
rPois   .          Reflect  .    (helmet restricted)
rElec   .          Rampage  .    G - +0 cloak
rCorr   +                        (no gloves)
Will    +....                    u - +0 pair of boots
Stlth   ++                       (no amulet)
HPRegen 0.35/turn                (no ring)
MPRegen 0.20/turn                (no ring)

@: sleeping, flying, lightly drained
A: breathe power, AC +8, unfitting armour, cold-blooded
a: Breathe Dispelling Energy, Renounce Religion


You were on level 3 of the Lair of Beasts.
You worshipped Vehumet.
Vehumet was extremely pleased with you.
You visited 3 branches of the dungeon, and saw 15 of its levels.

You collected 838 gold pieces.
You spent 90 gold pieces at shops.

Inventory:

Hand Weapons
 a - the +1 mace of Dried Tears (weapon) {flame, Fly rCorr}
   (You found it on level 2 of the Lair of Beasts)

   Fly:       It grants you flight.
   rCorr:     It protects you from acid and corrosion.
 b - a +1 dagger of venom
Missiles
 j - 20 poisoned darts
 r - 11 boomerangs
 E - 4 javelins
 J - 2 atropa-tipped darts
Armour
 u - a +0 pair of boots (worn)
 G - a +0 cloak (worn)
Wands
 c - a wand of paralysis (20)
 q - a wand of mindburst (7)
 v - a wand of roots (6)
 y - a wand of polymorph (9)
 F - a wand of digging (8)
 N - a wand of quicksilver (2)
Scrolls
 f - a scroll of vulnerability
 h - 4 scrolls of fog
 k - 4 scrolls of teleportation
 l - 2 scrolls of blinking
 n - a scroll of summoning {unknown}
 p - 2 scrolls of brand weapon
 t - 2 scrolls of magic mapping
 w - a scroll of fear {unknown}
 x - a scroll of torment {unknown}
 I - a scroll of amnesia
 K - a scroll of identify
 L - a scroll of enchant weapon {unknown}
 M - a scroll of poison {unknown}
Potions
 d - 4 potions of curing
 g - 2 potions of haste
 i - a potion of heal wounds
 m - 2 potions of berserk rage {unknown}
 o - 3 potions of lignification
 s - 3 potions of magic
 z - a potion of brilliance {unknown}
 A - 2 potions of ambrosia
 B - 3 potions of resistance
 C - 2 potions of might
 H - a potion of degeneration {unknown}
Miscellaneous
 D - a phantom mirror


   Skills:
 + Level 6.9 Fighting
 + Level 6.6 Dodging
 - Level 1.7 Stealth
 + Level 10.5 Spellcasting
 - Level 8.0 Conjurations
 - Level 6.0 Hexes
 - Level 8.0 Translocations
 - Level 6.0 Transmutations
 - Level 5.0 Earth Magic
 - Level 6.0 Evocations


You had 9 spell levels left.
You knew the following spells:

 Your Spells              Type           Power      Damage    Failure   Level
a - Magic Dart            Conj           100%       1d8       1%          1
b - Searing Ray           Conj           100%       2d8       1%          2
c - Iskenderun's Mystic   Conj/Tloc      50%        2d11      1%          4
d - Fulminant Prism       Conj/Hex       23%        3d12      1%          4
e - Yara's Violent Unrav  Hex/Tmut       20%        3d9       3%          5
f - Passwall              Tmut/Erth      32%        N/A       1%          2
g - Iskenderun's Battles  Conj           50%        2d10      1%          5

Your spell library contained the following spells:

 Spells                   Type           Power      Damage    Failure   Level
 Apportation              Tloc           100%       N/A       1%          1
 Slow                     Hex            100%       N/A       1%          1
 Confusing Touch          Hex            41%        N/A       1%          3
 Dazzling Flash           Conj/Hex       92%        N/A       1%          3
 Inner Flame              Hex/Fire       27%        N/A       1%          3
 Ensorcelled Hibernation  Hex/Ice        54%        N/A       2%          2
 Vhi's Electric Charge    Tloc/Air       62%        N/A       3%          3
 Necrotise                Necr           48%        1d6       4%          1
 Summon Small Mammal      Summ           48%        N/A       4%          1
 Cause Fear               Hex            20%        N/A       4%          4
 Arcjolt                  Conj/Air       15%        1d25      7%          5
 Swiftness                Air            12%        N/A       16%         3
 Vampiric Draining        Necr           12%        2d6       16%         3
 Silence                  Hex/Air        13%        N/A       38%         5
 Agony                    Necr           12%        N/A       80%         5
 Discord                  Hex            20%        N/A       100%        8
 Maxwell's Capacitive Co  Air            6%         ∞         100%        8


Dungeon Overview and Level Annotations

Branches:
Dungeon (11/15)            Temple (1/1) D:5            Lair (3/5) D:8
 Shoals (0/4) Lair:3
  Snake: Lair:2-3    Spider: Lair:2-3       Orc: D:9-12

Altars:
Ashenzari
Cheibriados
Dithmenos
Elyvilon
Fedhas
Gozag
Hepliaklqana
Kikubaaqudgha
Makhleb
Nemelex Xobeh
Okawaru
Qazlal
Ru
Sif Muna
Trog
Uskayaw
Vehumet
Wu Jian
Xom
Yredelemnul
Zin
The Shining One


Innate Abilities, Weirdness & Mutations

You can breathe bolts of dispelling energy.
Your rich purple scales are hard. (AC +8)
You cannot fit into any form of body armour.
You are cold-blooded and may be slowed by cold attacks.


Message History

Okay, then.
Blink to where?
Press: ? - help, Dir - move target
Found 6 stones.
As you read the scroll of blinking, it crumbles to dust.
The wolf howls! x2
Really read the scroll of immolation?
As you read the scroll of immolation, it crumbles to dust.
The creatures around you are filled with an inner flame!
The wolf howls!
You hear a loud, deep croak!
The wolf misses you.
Casting: Magic Dart (safe; 1% risk of failure)
Confirm with . or Enter, or press ? or * to list all spells.
Aiming: Searing Ray (safe; 1% risk of failure)
Press: ? - help, Shift-Dir - straight line, f - dream sheep
Aim: a dream sheep (inner flame, 83% to hit)
The searing ray misses the harpy.
The searing ray hits the wolf!
Flame seeps out of the wolf.
The wolf is heavily wounded.
The searing ray hits the wolf!
Flame seeps out of the wolf.
The wolf is heavily wounded.
The searing ray hits the dream sheep!
Flame seeps out of the dream sheep.
The dream sheep is moderately wounded. (Press . to maintain the ray.)
The harpy claws you.
* * * LOW HITPOINT WARNING * * *
The harpy claws you!
* * * LOW HITPOINT WARNING * * *
The harpy claws you!
* * * LOW HITPOINT WARNING * * *
The harpy claws you.
* * * LOW HITPOINT WARNING * * *
The wolf is engulfed in blazing flames.
Flame seeps out of the wolf.
The dream sheep is engulfed in blazing flames.
Flame seeps out of the dream sheep.
The dream sheep shake their wool and sparkle.
You feel drowsy...
You fall asleep.
The wolf is engulfed in blazing flames.
Flame seeps out of the wolf.
The harpy claws you but does no damage. The harpy claws you!
You die...

#.....# ##P ##.##.#..##.#
#F....#.....(.............#
#..<.h.....~.~~.~~.......#
#..........~~~Y~~~...h...#
#........h.~~ .#~.....?..#
####h.####hhH.>.~.Y......#
... #.~h#.#h○Y......#
...S##..hH~~hh######.#
..S≈#..Hh@~h~.P# #
.≈≈S##...####.## ####


You could see 3 harpies, 10 wolves and 3 dream sheep.

Vanquished Creatures
  A hydra (Lair:2)
  A two-headed ogre (D:10)
  3 black mambas
  2 cane toads
  An unseen horror (D:10)
  2 komodo dragons
  A kobold demonologist (D:9)
  2 rime drakes (Lair:1)
  Psyche (D:8)
  A hornet (D:10)
  2 trolls (D:10)
  12 blink frogs
  2 basilisks
  A wyvern (Lair:3)
  22 yaks
  2 wargs (Lair:2)
  A steam dragon (D:9)
  An acid dragon (D:8)
  6 water moccasins
  A sky beast (D:6)
  An ice beast (D:6)
  4 orc warriors
  2 black bears (D:8)
  2 ogres (D:6)
  13 wolves
  A centaur (D:8)
  4 phantoms
  13 bullfrogs
  2 scorpions
  14 killer bees
  9 howler monkeys
  3 electric eels
  6 hounds
  4 orc priests
  A gnoll bouda (D:7)
  2 jellies (D:5)
  4 iguanas
  6 hell rats
  6 orc wizards
  Robin (D:4)
  10 gnolls
  6 adders
  10 river rats (Lair:1)
  3 shadow imps
  2 white imps
  3 ufetubi (D:5)
  A worm (D:2)
  4 dart slugs
  27 orcs
  5 endoplasms
  A giant cockroach (D:4)
  13 goblins
  7 hobgoblins
  5 jackals
  6 kobolds
  8 ball pythons
  4 bats
  13 frilled lizards
  12 rats
303 creatures vanquished.

Vanquished Creatures (others)
  37 fulminant prisms
  19 fungi
  31 plants
87 creatures vanquished.

Grand Total: 390 creatures vanquished

Notes
Turn   | Place    | Note
-------+----------+-------------------------------------------
     0 | D:1      | NinjaNoafa the Draconian Conjurer began the quest for the
                  | Orb.
     0 | D:1      | Reached XP level 1. HP: 14/14 MP: 3/3
   252 | D:1      | Found a faded altar of an unknown god.
   257 | D:1      | Reached XP level 2. HP: 20/20 MP: 1/5
   260 | D:1      | Learned a level 2 spell: Searing Ray
   467 | D:1      | Reached skill level 5 in Conjurations
   467 | D:1      | Reached XP level 3. HP: 12/26 MP: 2/6
   830 | D:2      | Reached skill level 3 in Spellcasting
   894 | D:2      | Reached XP level 4. HP: 33/33 MP: 3/8
  1724 | D:3      | Found a sparkling altar of Nemelex Xobeh.
  1751 | D:3      | Identified the +6 trident of Peov {drain, Fly}
  1782 | D:3      | Found a radiant altar of Vehumet.
  1788 | D:3      | Became a worshipper of Vehumet
  2210 | D:4      | Reached skill level 4 in Spellcasting
  2210 | D:4      | Reached XP level 5. HP: 38/38 MP: 6/11
  2217 | D:4      | Reached skill level 5 in Spellcasting
  2219 | D:4      | Reached XP level 6. HP: 6/45 MP: 1/14
  2366 | D:4      | Reached skill level 1 in Translocations
  2608 | D:4      | Noticed Robin
  2611 | D:4      | Reached * piety under Vehumet
  2611 | D:4      | Offered knowledge of Foxfire by Vehumet.
  2613 | D:4      | Killed Robin
  3050 | D:5      | Entered Level 5 of the Dungeon
  3147 | D:5      | Reached skill level 6 in Spellcasting
  3147 | D:5      | Your scales start taking on a rich purple colour.
  3147 | D:5      | Reached skill level 7 in Spellcasting
  3147 | D:5      | Reached XP level 7. HP: 46/50 MP: 7/17
  3243 | D:5      | Found a staircase to the Ecumenical Temple.
  3261 | Temple   | Entered the Ecumenical Temple
  3551 | D:5      | Found Zin's Purification Station.
  3556 | D:5      | Found a glowing silver altar of Zin.
  3559 | D:5      | Bought a potion of curing for 90 gold pieces
  3609 | D:5      | Offered knowledge of Freeze by Vehumet.
  3769 | D:5      | Reached ** piety under Vehumet
  3810 | D:5      | Reached skill level 8 in Spellcasting
  3836 | D:5      | Found a glowing golden altar of the Shining One.
  3987 | D:6      | Found a shadowy altar of Dithmenos.
  4009 | D:6      | Reached XP level 8. HP: 55/57 MP: 3/20
  4036 | D:6      | Learned a level 4 spell: Iskenderun's Mystic Blast
  4059 | D:6      | Found a broken altar of Ashenzari.
  4112 | D:6      | Reached skill level 5 in Translocations
  4203 | D:6      | Reached skill level 9 in Spellcasting
  4218 | D:6      | Identified the +1 leather armour of the Moon Troll {rElec
                  | rN+++ Slay-4 Stlth+}
  4451 | D:6      | Found a shimmering altar of Xom.
  4584 | D:6      | Reached skill level 10 in Spellcasting
  4974 | D:7      | Offered knowledge of Mephitic Cloud by Vehumet.
  5408 | D:7      | Reached *** piety under Vehumet
  5446 | D:7      | Noticed a cyclops
  5458 | D:7      | Learned a level 3 spell: Inner Flame
  5621 | D:8      | Found an ancient bone altar of Kikubaaqudgha.
  5645 | D:8      | Reached skill level 1 in Fighting
  5645 | D:8      | Reached skill level 1 in Evocations
  5653 | D:8      | Reached XP level 9. HP: 55/64 MP: 9/23
  5835 | D:8      | Learned a level 4 spell: Fulminant Prism
  5857 | D:8      | Noticed Psyche
  5867 | D:8      | Killed Psyche
  5868 | D:8      | Reached skill level 1 in Hexes
  5881 | D:8      | Found a hazy altar of Hepliaklqana.
  6117 | D:8      | Found a staircase to the Lair.
  6298 | D:8      | Offered knowledge of Airstrike by Vehumet.
  6932 | D:9      | Reached XP level 10. HP: 63/80 MP: 22/24
  7102 | D:9      | Reached skill level 5 in Fighting
  7106 | D:9      | Reached skill level 5 in Dodging
  7407 | D:9      | Noticed a soul eater
  7419 | D:9      | Noticed a red ugly thing
  7419 | D:9      | Noticed a centaur warrior
  7571 | D:10     | Entered Level 10 of the Dungeon
  7586 | D:10     | Learned a level 2 spell: Passwall
  7604 | D:10     | Found a hide-covered altar of Uskayaw.
  7616 | D:10     | Noticed a two-headed ogre
  7636 | D:10     | Killed a two-headed ogre
  7636 | D:10     | Reached **** piety under Vehumet
  7957 | D:10     | Reached XP level 11. HP: 40/89 MP: 3/25
  8088 | D:10     | Found a stormy altar of Qazlal.
  8117 | D:10     | Offered knowledge of Yara's Violent Unravelling by Vehumet.
  8124 | D:10     | Learned a level 5 spell: Yara's Violent Unravelling
  8192 | D:10     | Found a faded altar of an unknown god.
  8199 | D:10     | Found a snail-covered altar of Cheibriados.
  8276 | D:10     | Found a basalt altar of Yredelemnul.
  8299 | D:10     | Found an iron altar of Okawaru.
  8556 | Lair:1   | Entered Level 1 of the Lair of Beasts
  8757 | Lair:1   | Reached skill level 5 in Transmutations
  8757 | Lair:1   | Reached skill level 5 in Earth Magic
  9137 | Lair:1   | Reached ***** piety under Vehumet
  9137 | Lair:1   | Offered knowledge of Iskenderun's Battlesphere by Vehumet.
  9165 | Lair:1   | Learned a level 5 spell: Iskenderun's Battlesphere
  9308 | Lair:1   | Reached skill level 5 in Hexes
  9859 | Lair:2   | Reached skill level 5 in Evocations
 10505 | Lair:2   | Noticed a six-headed hydra
 10514 | Lair:2   | Killed a six-headed hydra
 10515 | Lair:2   | Reached XP level 12. HP: 95/97 MP: 14/26
 10570 | Lair:2   | Identified the +1 mace of Dried Tears {flame, Fly rCorr}
 10905 | Lair:3   | Noticed a six-headed hydra
 10978 | Lair:3   | Noticed a death yak
 10982 | Lair:3   | Found a staircase to the Shoals.
 10987 | Lair:3   | Slain by a harpy

Illustrated notes

Levels and vault maps discovered:
D:1:      dpeg_arrival_stonehenge_12_columns, layout_basic,
          hellmonk_ecumenical_altar_blasted, minmay_lizard_pond
D:2:      layout_rooms, nicolae_eternal_life
D:3:      layout_basic, nicolae_vehumet_altar_sigil, nemelex_altar_shiori
D:4:      layout_basic, uniq_robin
D:5:      layout_loops_ring, zin_purify, nicolae_tso_swordbearing_angel,
          minmay_temple_entry_sparse_star
D:6:      minmay_angry_zag, layout_loops_corners,
          mainiacjoe_overflow_cross_hatched, hangedman_feature_mirror
D:7:      layout_loops_ring, minmay_misc_feat_iff
D:8:      layout_basic, mainiacjoe_overflow_alcove_1, amcnicky_altar_gilded,
          grunt_lair_entry_orc_guard_hut, uniq_psyche
D:9:      layout_irregular_city, serial_rivers, chequers_serial_rivers_room_a,
          chequers_serial_rivers_micro_e, chequers_serial_rivers_small_3,
          chequers_serial_rivers_small_a, lightli_corner_chamber
D:10:     layout_irregular_city, mainiacjoe_overflow_brackets, kennysheep_mini,
          cheibriados_altar_1, mainiacjoe_overflow_large_starburst,
          serial_column_ruins, column_ruins_temple_circle,
          column_ruins_hut_pillars, column_ruins_grid_1,
          column_ruins_columns_plus, column_ruins_corridor_corner,
          column_ruins_grid_2, column_ruins_columns_straight,
          column_ruins_grid_4, column_ruins_grid_2,
          chequers_serial_rivers_marsh, grunt_ministairs_9
D:11:     layout_cave_pools, zombieorc1_lemuel, serial_shops, shop_statue,
          grunt_qazlal_clouds, uniq_maurice, uniq_sonja
Temple:   chequers_temple_sunken
Lair:1:   layout_cave_pods, nicolae_quartered_pool_little,
          kennysheep_abandoned_house
Lair:2:   beast_lair_carwin_large_4, layout_hall_layers,
          infiniplex_staircase_pool, serial_bayou_shore_a
Lair:3:   nzn_winding_woodlands_stair_trap [nzn_winding_woodlands_5x15_jagged,
          nzn_winding_woodlands_5x15_zeroes, nzn_winding_woodlands_5x15_parted,
          nzn_winding_woodlands_15x15_thick_spiral,
          nzn_winding_woodlands_5x15_split_checker,
          nzn_winding_woodlands_5x15_pockets,
          nzn_winding_woodlands_5x15_garden], layout_big_grid,
          nicolae_shoals_entry_roost, spider_nest_entry_funnel_web,
          nicolae_lair_liquid_snakes

Skill      XL: |  1  2  3  4  5  6  7  8  9 10 11 |
---------------+----------------------------------+-----
Conjurations   | 5 6 7 8 |  8.0
Spellcasting   | 3 4 5 7 8 10 | 10.5
Translocations | 2 4 5 6 7 8 |  8.0
Fighting       | 1 4 6 |  6.9
Dodging        | 2 4 6 |  6.6
Evocations     | 1 4 6 |  6.0
Hexes          | 3 4 6 |  6.0
Transmutations | 3 6 |  6.0
Earth Magic    | 3 5 |  5.0
Stealth        | |  1.7

Action                     |  1- 3 |  4- 6 |  7- 9 | 10-12 || total
---------------------------+-------+-------+-------+-------++-------
  Melee: Mace              |     3 |       |       |     2 ||     5
         Dagger            |     9 |    13 |    19 |    32 ||    73
         Tailslap          |       |     2 |     5 |     1 ||     8
         Punch             |       |       |       |     2 ||     2
   Cast: Magic Dart        |    29 |    31 |    16 |    59 ||   135
         Searing Ray       |     8 |    24 |    55 |    23 ||   110
         Iskenderun's Myst |       |       |    38 |    75 ||   113
         Fulminant Prism   |       |       |    14 |    23 ||    37
         Iskenderun's Batt |       |       |       |    12 ||    12
         Passwall          |       |       |       |     1 ||     1
Ability: Breathe Dispellin |       |       |     8 |     7 ||    15
  Evoke: Wand              |       |       |       |     5 ||     5
    Use: Potion            |     1 |       |       |     4 ||     5
         Scroll            |       |       |     8 |    10 ||    18
 Armour: Skin              |    16 |    18 |    48 |    60 ||   142
  Dodge: Dodged            |    54 |    41 |    64 |    93 ||   252

Table legend: (Time is in decaauts)
 A = Elapsed time spent in this place.
 B = Non-inter-level travel time spent in this place.
 C = Inter-level travel time spent in this place.
 D = Time resting spent in this place.
 E = Time spent auto-exploring this place.
 F = Levels seen in this place.
 G = Mean time per level.
                   A        B        C        D        E       F      G
               +--------+--------+--------+--------+--------+-----+--------+
         Total |  11038 |  10318 |    720 |   1032 |   6852 |  15 |  735.9 |
       Dungeon |   8618 |   8102 |    516 |    698 |   5515 |  11 |  783.5 |
        Temple |    219 |    187 |     32 |      0 |    181 |   1 |  219.0 |
          Lair |   2201 |   2029 |    172 |    334 |   1155 |   3 |  733.7 |
               +--------+--------+--------+--------+--------+-----+--------+

Top non-repeatable levels by time:
     D:8: 1514 daAuts
  Lair:1: 1393 daAuts
     D:4: 1031 daAuts
     D:6: 958 daAuts
     D:9: 879 daAuts
    D:10: 856 daAuts
     D:3: 755 daAuts
  Lair:2: 740 daAuts
     D:1: 705 daAuts
     D:5: 703 daAuts
     D:2: 607 daAuts
     D:7: 603 daAuts
  Temple: 219 daAuts
  Lair:3: 67 daAuts
    D:11: 1 daAuts
